 Dungeon Crawl Stone Soup version 0.23-a0-143-g1adec7b (webtiles) character file.

200 galech the Skirmisher (level 5, -3/42 HPs)
             Began as a Demonspawn Monk on Sept 3, 2018.
             Slain by a gnoll
             ... wielding a +2 flail of protection
              (7 damage)
             ... on level 2 of the Dungeon.
             The game lasted 00:04:19 (3203 turns).

galech the Skirmisher (Demonspawn Monk)             Turns: 3203, Time: 00:04:20

Health: -3/42      AC:  9    Str: 12    XL:     5   Next: 49%
Magic:  5/5        EV:  6    Int: 11    God:
Gold:   102        SH:  0    Dex: 16    Spells: 4/4 levels left

rFire    + + .     SeeInvis .   a - +0 hand axe
rCold    . . .     Gourm    .   (no shield)
rNeg     . . .     Faith    .   d - +0 chain mail
rPois    .         Spirit   .   (no helmet)
rElec    .         Reflect  .   e - +0 cloak
rCorr    .         Harm     .   (no gloves)
MR       .....                  (no boots)
Stlth    ..........             (no amulet)
HPRegen  0.14/turn              f - ring of protection from fire
MPRegen  0.09/turn              k - ring of protection from fire

@: drained
A: powered by pain 1
a: no special abilities


You were on level 2 of the Dungeon.
You were near starving.

You visited 1 branch of the dungeon, and saw 3 of its levels.

You collected 102 gold pieces.

Inventory:

Hand Weapons
 a - a +0 hand axe (weapon)
Armour
 d - a +0 chain mail (worn)
 e - a +0 cloak (worn)
Jewellery
 f - a ring of protection from fire (left hand)
 k - a ring of protection from fire (right hand)
Potions
 b - a potion of magic {unknown}
Comestibles
 c - 3 rations


   Skills:
 + Level 4.2(4.1) Fighting
 + Level 4.2(4.1) Axes
 + Level 1.4 Armour
 + Level 3.1(3.0) Dodging
 + Level 2.0(1.9) Stealth


You had 4 spell levels left.
You didn't know any spells.
Your spell library was empty.

Dungeon Overview and Level Annotations

Branches:
Dungeon (3/15)

Altars:
Okawaru


Innate Abilities, Weirdness & Mutations

You sometimes gain a little power by taking damage.


Message History

* * * LOW HITPOINT WARNING * * *
You hit the gnoll but do no damage.
The gnoll is heavily wounded.
The gnoll closely misses you.
You hit the gnoll.
The gnoll is heavily wounded.
You barely miss the gnoll.
The gnoll is heavily wounded.
The gnoll hits you but does no damage.
You closely miss the gnoll.
The gnoll is heavily wounded.
The gnoll closely misses you.
You hit the gnoll but do no damage.
The gnoll is heavily wounded.
The gnoll hits you with a flail of protection.
* * * LOW HITPOINT WARNING * * *
You hit the gnoll but do no damage.
The gnoll is heavily wounded.
The gnoll hits you with a flail of protection!
You die...

##..#.# #.........
##.#.#.#####.#.......
#.###................
##.#.#.#####.#...#...
##......###.##.###..
#.##..........# ##.
####.####.#.#...## #.
#..<..# #.#.###.# #.
#....@###.#.# #.# #.
#...)g......###.#####.
#.....###....=........
#.......#######.###...
####.##.# #.......
#.##.# #)###...
##.##.#######.# ##..
#..##.##......# ##.
#..(.....###### ##


You could see a gnoll.

Vanquished Creatures
  Crazy Yiuf (D:2)
  Natasha (thrice) (D:2)
  3 adders (D:2)
  An ooze (D:1)
  A dart slug (D:3)
  2 leopard geckos (D:1)
  4 giant cockroaches
  7 goblins
  9 hobgoblins
  4 jackals
  7 kobolds
  A ball python (D:2)
  4 bats
  9 frilled lizards
  9 rats
65 creatures vanquished.

Notes
Turn   | Place    | Note
-------+----------+-------------------------------------------
     0 | D:1      | galech the Demonspawn Monk began the quest for the Orb.
     0 | D:1      | Reached XP level 1. HP: 18/18 MP: 1/1
   219 | D:1      | Gained mutation: You sometimes gain a little power by
                  | taking damage. [demonic ancestry]
   219 | D:1      | Reached XP level 2. HP: 21/24 MP: 2/2
   749 | D:1      | Reached XP level 3. HP: 29/29 MP: 3/3
  1341 | D:2      | Reached XP level 4. HP: 29/36 MP: 4/4
  1554 | D:2      | Reached skill level 1 in Armour
  1631 | D:2      | Noticed Natasha
  1650 | D:2      | Killed Natasha
  1783 | D:2      | Noticed Natasha
  1801 | D:2      | Killed Natasha
  1801 | D:2      | Reached XP level 5. HP: 20/42 MP: 5/5
  1811 | D:2      | Noticed Natasha
  2020 | D:2      | Killed Natasha
  2277 | D:3      | Found an iron altar of Okawaru.
  2617 | D:2      | Found a runed door.
  2784 | D:2      | Noticed Crazy Yiuf
  2802 | D:2      | Killed Crazy Yiuf
  2807 | D:2      | HP: 2/42 [poisoned by Crazy Yiuf]
  3203 | D:2      | Slain by a gnoll

Vault maps used:
D:1:      dpeg_arrival_central
D:2:      uniq_natasha, uniq_crazy_yiuf_cottage
D:3:      lemuel_coloured_pillars_altar, lemuel_crystal_altar, first_ration

Skill      XL: |  1  2  3  4  5 |
---------------+----------------+-----
Axes           | 3 4 |  4.2
Dodging        | 3 |  3.1
Armour         | 1 |  1.4
Fighting       | 4 |  4.2
Stealth        | 2 |  2.0

Action                   |  1- 3 |  4- 6 || total
-------------------------+-------+-------++-------
Melee: Hand axe          |   158 |   140 ||   298
  Use: Scroll            |       |     1 ||     1
       Potion            |       |     3 ||     3
 Stab: Invisible         |       |     2 ||     2
  Eat: Chunk             |     2 |     4 ||     6
Armor: Chain mail        |   109 |   109 ||   218
Dodge: Dodged            |    60 |    63 ||   123

Table legend:
 A = Non-vault XP
 B = Vault XP
 C = Vault XP percentage of total XP
 D = Non-vault monster count
 E = Vault monster count
 F = Vault count percentage of total count
                 A         B        C        D         E       F
            +---------+---------+-------+---------+---------+-------
      Total |     212 |      75 |  26.1 |      63 |       2 |   3.1
            +---------+---------+-------+---------+---------+-------
        D:1 |      56 |       0 |   0.0 |      31 |       0 |   0.0
        D:2 |     144 |      75 |  34.2 |      26 |       2 |   7.1
        D:3 |      12 |       0 |   0.0 |       6 |       0 |   0.0
            +---------+---------+-------+---------+---------+-------
